 Dungeon Crawl Stone Soup version 0.30-a0-241-g1121274140 (webtiles) character file.

Game seed: 4767265888914755669

471 KennySheep the Chiller (level 6, 0/72 HPs)
             Began as a Demigod Gladiator on Oct 10, 2022.
             Slain by an orc
             ... wielding a +0 flail
              (2 damage)
             ... on level 5 of the Dungeon.
             The game lasted 00:10:08 (3577 turns).

KennySheep the Chiller (Demigod Gladiator)          Turns: 3577, Time: 00:10:09

Health: 0/72       AC:  4    Str: 19    XL:     6   Next: 52%
Magic:  6/8        EV: 12    Int: 14    God:
Gold:   27         SH:  0    Dex: 15    Spells: 2/5 levels left

rFire   . . .      SeeInvis .      - Unarmed
rCold   . . .      Faith    .    (no shield)
rNeg    . . .      Spirit   .    a - +0 leather armour
rPois   .          Reflect  .    b - +0 helmet
rElec   .          Harm     .    (no cloak)
rCorr   .          Rampage  .    (no gloves)
Will    .....                    (no boots)
Stlth   ..........               (no amulet)
HPRegen 0.32/turn                (no ring)
MPRegen 0.11/turn                (no ring)

@: berserking (expiring), very quick
A: high MP 1, forlorn, divine attributes
a: no special abilities


You were on level 5 of the Dungeon.
You visited 1 branch of the dungeon, and saw 5 of its levels.

You collected 285 gold pieces.
You spent 258 gold pieces at shops.

Inventory:

Missiles
 d - a javelin (quivered)
Armour
 a - a +0 leather armour (worn)
 b - a +0 helmet (worn)
 p - a +0 ring mail
Jewellery
 f - a ring of resist corrosion
 g - a ring of fire
 l - a ring of protection from cold
Scrolls
 e - 5 scrolls of teleportation
 h - 2 scrolls of vulnerability {unknown}
 j - 3 scrolls of identify {unknown}
 n - a scroll of fog {unknown}
 o - 2 scrolls of poison {unknown}
 r - 2 scrolls of amnesia {unknown}
 s - a scroll of magic mapping {unknown}
 t - a scroll of noise {unknown}
 x - a scroll of enchant armour
Potions
 c - a potion of curing {unknown}
 i - 2 potions of mutation {unknown}
 k - 2 potions of attraction {unknown}
 q - a potion of heal wounds {unknown}
 u - a potion of ambrosia {unknown}
 v - a potion of flight
 w - a potion of haste


   Skills:
 - Level 2.2 Fighting
 - Level 1.7 Throwing
 - Level 3.0 Dodging
 - Level 3.3 Unarmed Combat
 - Level 3.5 Translocations
 * Level 1.6 Transmutations
 + Level 3.8 Ice Magic


You had 2 spell levels left.
You knew the following spells:

 Your Spells              Type           Power      Damage    Failure   Level
a - Frozen Ramparts       Ice            20%        1d4       22%         3

Your spell library contained the following spells:

 Spells                   Type           Power      Damage    Failure   Level
 Ensorcelled Hibernation  Hex/Ice        10%        N/A       24%         2
 Magic Dart               Conj           0%         1d3       34%         1
 Passwall                 Tmut/Erth      1%         N/A       36%         2
 Call Imp                 Summ           0%         N/A       45%         2
 Mephitic Cloud           Conj/Pois/Air  0%         N/A       71%         3
 Swiftness                Air            0%         N/A       71%         3
 Ice Form                 Ice/Tmut       7%         N/A       75%         4
 Summon Ice Beast         Ice/Summ       5%         N/A       85%         4


Dungeon Overview and Level Annotations

Branches:
Dungeon (5/15)
 Temple: D:4-7

Shops:
D:5 =*


Innate Abilities, Weirdness & Mutations

You have an increased reservoir of magic. (+10% MP)
You shall have no god before yourself.
Your divine heritage dramatically boosts your attributes as you level up.


Message History

A red film seems to cover your vision as you go berserk!
You feel yourself moving faster!
You feel mighty!
The orc shouts!
The ice beast barely misses you.
An orc wizard comes into view. It is wielding a +0 dagger.
The orc wizard shouts!
You punch the ice beast!
You kill the ice beast!
Your Transmutations skill increases to level 1!
You hit the orc but do no damage.
The orc is heavily wounded.
The orc closely misses you.
You completely miss the orc.
The orc is heavily wounded.
A scorpion comes into view.
You closely miss the orc.
The orc is heavily wounded.
The orc wizard gestures wildly while chanting.
The orc wizard flickers and vanishes!
Deactivating autopickup; reactivate with Ctrl-A.
The orc hits you but does no damage.
You punch the orc!
You kill the orc!
The orc misses you.
Things that are here:
a +0 short sword; a +0 leather armour You hit the orc.
The orc is severely wounded.
Something hits you.
* * * LOW HITPOINT WARNING * * *
The orc hits you with a +0 mace.
* * * LOW HITPOINT WARNING * * *
You barely miss the orc.
The orc is severely wounded.
You punch the orc!
You kill the orc!
Something hits you.
* * * LOW HITPOINT WARNING * * *
The orc hits you with a +0 flail.
You die...

########### #...........#
######## ##.#...........#
#....... ...............#
#....... ##.#...........#
#....... ..............#
#....... #........†...#
#.......
#..###'##)#######...(...
#...s.o@o...............
....#...#.##.#######.......
o..[...#.#.##.# ##'#....
.........#.##.# ##∩#....
o........#.##.# ####....
.##......#.##.# #.......
#......#.##.. ..#......
##.....#.##.. ...#......
#####.# ...+......


You could see a scorpion and 2 orcs.

Vanquished Creatures
  An ice beast (D:5)
  An ogre (D:4)
  A necrophage (D:5)
  2 hounds
  Natasha (twice) (D:3)
  An iguana (D:4)
  3 adders (D:4)
  A worm (D:4)
  2 dart slugs (D:2)
  4 orcs (D:5)
  5 bats
  8 endoplasms
  3 giant cockroaches
  7 goblins
  6 hobgoblins
  2 quokkas
  3 ball pythons
  2 frilled lizards
  6 kobolds
  4 rats
64 creatures vanquished.

Notes
Turn   | Place    | Note
-------+----------+-------------------------------------------
     0 | D:1      | KennySheep the Demigod Gladiator began the quest for the
                  | Orb.
     0 | D:1      | Reached XP level 1. HP: 17/17 MP: 3/3
   255 | D:1      | Reached XP level 2. HP: 20/24 MP: 4/4
  1311 | D:2      | Reached XP level 3. HP: 27/29 MP: 5/5
  2186 | D:3      | Noticed Natasha
  2196 | D:3      | Killed Natasha
  2197 | D:3      | Reached skill level 1 in Translocations
  2197 | D:3      | Reached skill level 1 in Ice Magic
  2200 | D:3      | Noticed Natasha
  2210 | D:3      | Killed Natasha
  2211 | D:3      | Reached XP level 4. HP: 18/36 MP: 6/6
  2588 | D:4      | Noticed an ogre
  2600 | D:4      | Killed an ogre
  2601 | D:4      | Reached XP level 5. HP: 16/41 MP: 7/7
  2888 | D:4      | Learned a level 3 spell: Frozen Ramparts
  3294 | D:5      | Entered Level 5 of the Dungeon
  3346 | D:5      | Found Tom Sare's General Store.
  3374 | D:5      | Reached XP level 6. HP: 32/48 MP: 8/8
  3378 | D:5      | Bought a potion of flight for 33 gold pieces
  3378 | D:5      | Bought a scroll of teleportation for 33 gold pieces
  3378 | D:5      | Bought a potion of haste for 110 gold pieces
  3378 | D:5      | Bought a scroll of enchant armour for 82 gold pieces
  3461 | D:5      | Found Kaled's Jewellery Emporium.
  3570 | D:5      | Reached skill level 1 in Transmutations
  3575 | D:5      | HP: 3/72 [orc/+0 mace (2)]
  3577 | D:5      | Slain by an orc

Illustrated notes

Levels and vault maps discovered:
D:1:      minmay_arrival_jagged, layout_loops_cross
D:2:      layout_basic
D:3:      layout_rooms, uniq_natasha
D:4:      layout_cave_pools, okawaru_trees_1, mainiacjoe_overflow_catwalk,
          minmay_misc_feat_hallway
D:5:      lemuel_ratsnest, layout_basic, serial_shops, nicolae_shop_trees,
          nicolae_take_the_stairs, nicolae_shop_window_shopping

Skill      XL: |  1  2  3  4  5  6 |
---------------+-------------------+-----
Fighting       | 2 |  2.2
Unarmed Combat | 3 |  3.3
Dodging        | 3 |  3.0
Translocations | 1 2 3 |  3.5
Ice Magic      | 1 2 3 |  3.8
Transmutations | 1 |  1.6
Throwing       | |  1.7

Action                   |  1- 3 |  4- 6 || total
-------------------------+-------+-------++-------
Melee: Unarmed           |   192 |   126 ||   318
       Punch             |       |     6 ||     6
Throw: Throwing net      |       |     6 ||     6
 Cast: Frozen Ramparts   |       |     1 ||     1
  Use: Potion            |     1 |     1 ||     2
 Stab: Sleeping          |       |     1 ||     1
Armor: Leather armour    |    47 |    35 ||    82
Dodge: Dodged            |   111 |    38 ||   149

Table legend: (Time is in decaauts)
 A = Elapsed time spent in this place.
 B = Non-inter-level travel time spent in this place.
 C = Inter-level travel time spent in this place.
 D = Time resting spent in this place.
 E = Time spent auto-exploring this place.
 F = Levels seen in this place.
 G = Mean time per level.
                   A        B        C        D        E       F      G
               +--------+--------+--------+--------+--------+-----+--------+
         Total |   3571 |   3410 |    161 |    378 |   2375 |   5 |  714.2 |
       Dungeon |   3571 |   3410 |    161 |    378 |   2375 |   5 |  714.2 |
               +--------+--------+--------+--------+--------+-----+--------+

Top non-repeatable levels by time:
     D:2: 969 daAuts
     D:4: 816 daAuts
     D:1: 812 daAuts
     D:3: 697 daAuts
     D:5: 276 daAuts
